[Event "*** SCC Grand Prix: Titled Tuesday Blitz"]
[Site "Chess.com"]
[Date "2020.07.21"]
[Round "5"]
[White "Sacbutt"]
[Black "capatl"]
[Result "0-1"]
[WhiteElo "2262"]
[BlackElo "2409"]
[TimeControl "180+1"]
[EndTime "10:53:26 PDT"]
[Termination "capatl won by resignation"]

1. d4 d5 2. c4 e6 3. Nc3 Nf6 4. Bg5 Nbd7 5. cxd5 exd5 6. e3 c6 7. Nf3 Be7 8. Bd3 Nf8 9. O-O Ne6 10. Bxf6 Bxf6 11. Rc1 O-O 12. b4 a6 13. a4 g6 14. b5 axb5 15. axb5 c5 16. dxc5 Nxc5 17. Be2 Bxc3 18. Rxc3 Ne4 19. Rd3 Be6 20. Nd4 Qb6 21. Qb3 Nc5 22. Qd1 Nxd3 23. Qxd3 Rac8 24. h3 Qc5 25. Ra1 Qc3 26. Qxc3 Rxc3 27. Ra7 Rb8 28. Bf3 Kf8 29. Kh2 Ke8 30. Kg3 Kd8 31. Kf4 Kc7 32. Kg5 Kb6 33. Ra2 Rc4 34. Kh6 Rxd4 35.
exd4 Kxb5 36. Kxh7 Kc4 37. Ra4+ Kd3 38. Kg7 b5 39.
Rb4 Kc3 40. Rb1 b4 41. Kf6 b3 42. Bg4 Bxg4 43. hxg4 Rb7 44. Ke5 Kc2 45. Re1 0-1

[Event "*** SCC Grand Prix: Titled Tuesday Blitz"]
[Site "Chess.com"]
[Date "2020.07.21"]
[Round "5"]
[White "ChessWarrior7197"]
[Black "bocah_sakit"]
[Result "1-0"]
[WhiteElo "2882"]
[BlackElo "2731"]
[TimeControl "180+1"]
[EndTime "10:53:27 PDT"]
[Termination "ChessWarrior7197 won by resignation"]

1. e4 c5 2. Nf3 Nc6 3. Bb5 g6 4. Bxc6 dxc6 5. d3 Bg7 6. h3 Nf6 7.
Nc3 Nd7 8. Be3 b6 9. Qd2 h6 10. O-O e5 11. Ne2 Nf8 12. Nh2 Ne6 13. Rae1 Qe7 14. b3 Nd4 15. f4 Nxe2+ 16. Rxe2 exf4 17.
Bxf4 Be6 18. a4 O-O-O 19. a5 Kb7 20. Nf3 g5 21. Be5 Bxe5 22. Nxe5 Qc7 23. Qc3 h5 24.
Ref2 Rh7 25. Nf3 Rg8 26. Qf6 Rhg7 27. Ne5 g4 28. h4 g3 29. Rf4 Qd6 30. Nf3 Rg6 31. Qe5 Qd8 32. Ng5 f6 33. Rxf6 Rxf6 34. Rxf6 Bg4 35. Nf7 Ka8 36. Nxd8 1-0

[Event "*** SCC Grand Prix: Titled Tuesday Blitz"]
[Site "Chess.com"]
[Date "2020.07.21"]
[Round "5"]
[White "ArjunErigaisi2003"]
[Black "Virgo15"]
[Result "1-0"]
[WhiteElo "3040"]
[BlackElo "2685"]
[TimeControl "180+1"]
[EndTime "10:53:32 PDT"]
[Termination "ArjunErigaisi2003 won on time"]

1. Nf3 Nf6 2. c4 e6 3. g3 d5 4. Bg2 dxc4 5. O-O b5 6. a4 c6 7. b3 cxb3 8. Qxb3 b4 9. a5 Be7 10. Bb2 O-O 11. d3 Na6 12. Nbd2 Nc5 13. Qc2 Nd5 14.
Ne5 Bb7 15. d4 Nd7 16. a6 Bc8 17. Nxc6 Qe8 18. e4 N5b6 19. Rfe1 Nf6 20. d5 Bd7 21.
Nxe7+ Qxe7 22. d6 Qd8 23. Bxf6 gxf6 24. e5 Rc8 25. Qb2 fxe5 26. Rxe5 Qf6 27. Ne4 Qg6 28. Rg5 Nc4 29. Qxb4 1-0

[Event "*** SCC Grand Prix: Titled Tuesday Blitz"]
[Site "Chess.com"]
[Date "2020.07.21"]
[Round "5"]
[White "michaelshahade"]
[Black "tk22h"]
[Result "1/2-1/2"]
[WhiteElo "2040"]
[BlackElo "2295"]
[TimeControl "180+1"]
[EndTime "10:53:32 PDT"]
[Termination "Game drawn by agreement"]

1. c4 e5 2. Nc3 Nc6 3. g3 g6 4.
Bg2 Bg7 5. Nf3 d6 6. O-O f5 7.
d3 Nf6 8. Rb1 a5 9. a3 O-O 10.
b4 axb4 11. axb4 Be6 12. b5 Ne7 13. Ng5 Bc8 14. Nd5 h6 15. Nxe7+ Qxe7 16. Nf3 Kh7 17. e3 Be6 18. Bb2 Bf7 19. Nd2 d5 20. Ra1 c6 21. Qb3 dxc4 22. Nxc4 e4 23. Rxa8 Rxa8 24. dxe4 Nxe4 25. Bxg7 Kxg7 26. bxc6 bxc6 27. Rc1 Bd5 28.
Qb2+ Qf6 29. Qxf6+ Kxf6 30. f3 Bxc4 31. fxe4 fxe4 1/2-1/2

[Event "*** SCC Grand Prix: Titled Tuesday Blitz"]
[Site "Chess.com"]
[Date "2020.07.21"]
[Round "5"]
[White "Vuk2000"]
[Black "grunbergmihai"]
[Result "1-0"]
[WhiteElo "2615"]
[BlackElo "2427"]
[TimeControl "180+1"]
[EndTime "10:53:33 PDT"]
[Termination "Vuk2000 won by resignation"]

1. d4 Nf6 2. Bg5 e6 3. e4 h6 4. Bxf6 Qxf6 5. c3 d6 6. Bd3 g5 7. Ne2 Bg7 8. O-O Nd7 9. Na3 e5 10. Ng3 exd4 11. Nb5 Qd8 12. Nf5 Bf6 13. cxd4 a6 14. Nc3 Nb6 15. Ng3 O-O 16. Bc2 c5 17. e5 Bg7 18. Qd3 f5 19. exf6 Rxf6 20.
dxc5 Nd7 21. Nh5 Rf7 22. Qh7+ Kf8 23. Bb3 Nxc5 1-0

[Event "*** SCC Grand Prix: Titled Tuesday Blitz"]
[Site "Chess.com"]
[Date "2020.07.21"]
[Round "5"]
[White "Nf3c5"]
[Black "poppy73"]
[Result "1-0"]
[WhiteElo "2562"]
[BlackElo "2253"]
[TimeControl "180+1"]
[EndTime "10:53:33 PDT"]
[Termination "Nf3c5 won by checkmate"]

1. d4 Nf6 2. Bf4 g6 3. Nc3 d5 4.
e3 Bg7 5. h4 h5 6. Nf3 Bg4 7.
Qd2 Bxf3 8. gxf3 c6 9. O-O-O b5 10. e4 b4 11. Na4 dxe4 12. fxe4 Nxe4 13. Qe1 Nf6 14. Bg2 O-O 15. Kb1 Nd5 16. Be5 Nd7 17. Bxg7 Kxg7 18. Bxd5 cxd5 19. Qxb4 Rb8 20. Qe1 Nf6 21.
f3 Nd7 22. Rg1 Qc7 23. Qxe7 Rfe8 24. Rxg6+ Kxg6 25. Rg1+ Kh6 26. Qg5+ Kh7 27. Qxh5# 1-0

[Event "*** SCC Grand Prix: Titled Tuesday Blitz"]
[Site "Chess.com"]
[Date "2020.07.21"]
[Round "5"]
[White "MashaFromRussia"]
[Black "lider34"]
[Result "0-1"]
[WhiteElo "2385"]
[BlackElo "2221"]
[TimeControl "180+1"]
[EndTime "10:53:34 PDT"]
[Termination "lider34 won by resignation"]

1. c4 Nf6 2. d4 g6 3. Nf3 Bg7 4. g3 O-O 5. Bg2 d6 6. O-O Nbd7 7. Nc3 e5 8. dxe5 dxe5 9. Qc2 Re8 10. e4 c6 11. Rd1 Qc7 12. b4 a5 13. b5 Nf8 14. c5 Bg4 15. b6 Qe7 16. Be3 Bxf3 17.
Bxf3 Ne6 18. Ne2 Nd7 19. Rac1 Bf8 20. Bg4 Ndxc5 21. Qc4 h5 22. Bh3 Rad8 23. f4 exf4 24. gxf4 Nd7 25. e5 Qh4 26. Bg2 Nxe5 27. Bf2 Rxd1+ 28.
Rxd1 Qxf2+ 0-1

[Event "*** SCC Grand Prix: Titled Tuesday Blitz"]
[Site "Chess.com"]
[Date "2020.07.21"]
[Round "5"]
[White "PauloCesarCosta_sad"]
[Black "alexsergeyev"]
[Result "1/2-1/2"]
[WhiteElo "2203"]
[BlackElo "2355"]
[TimeControl "180+1"]
[EndTime "10:53:37 PDT"]
[Termination "Game drawn by repetition"]

1. Nf3 d5 2. d4 Bf5 3. e3 e6 4. Bd3 Nf6 5. O-O Bd6 6. Bxf5 exf5 7. Qd3 Qd7 8. c4 dxc4 9. Qxc4 O-O 10. Nc3 Nc6 11. b3 Rfe8 12. Bb2 f4 13. Rae1 fxe3 14. fxe3 Qg4 15. Nb5 Rad8 16. Nxd6 cxd6 17. d5 Qxc4 18.
bxc4 Na5 19. Bxf6 gxf6 20. Nd2 Kg7 21. Rf4 Re5 22. Ref1 Rxe3 23. Rxf6 Rd7 24. R6f3 Re2 25. R1f2 Re1+ 26. Rf1 Re2 27. R1f2 Re1+ 28. Rf1 Re2 1/2-1/2

[Event "*** SCC Grand Prix: Titled Tuesday Blitz"]
[Site "Chess.com"]
[Date "2020.07.21"]
[Round "5"]
[White "okriak"]
[Black "1f3_2g41-0"]
[Result "1-0"]
[WhiteElo "2703"]
[BlackElo "2389"]
[TimeControl "180+1"]
[EndTime "10:53:40 PDT"]
[Termination "okriak won by resignation"]

1. Nf3 d5 2. e3 Nf6 3. c4 c5 4. cxd5 Nxd5 5. Nc3 g6 6. Qb3 Nb4 7. Bc4 e6 8. a3 Nd3+ 9. Ke2 Nxc1+ 10. Raxc1 Bg7 11.
Bb5+ Bd7 12. Qc4 Bxb5 13. Qxb5+ Nd7 14. Ne4 O-O 15. Nxc5 Nxc5 16. Rxc5 a6 17. Qb3 b5 18.
d4 Qa5 19. Rhc1 Rfd8 20. g3 h5 21. h4 Bf8 22. Rc6 b4 23. a4 Qf5 24. Qd3 Qa5 25. b3 Rd5 26. Rc8 Rxc8 27. Rxc8 Kg7 28. Rc6 Rf5 29.
Rxa6 Qc7 30. Qc4 Qb7 31. Qc6 Qb8 32. Ra8 Qd6 33. Qxd6 Bxd6 34. Ng5 Be7 35. e4 Rf6 36. Ra7 Bd8 37. e5 Rf5 38. Nxe6+ 1-0

[Event "*** SCC Grand Prix: Titled Tuesday Blitz"]
[Site "Chess.com"]
[Date "2020.07.21"]
[Round "5"]
[White "Beca95"]
[Black "wonderfultime"]
[Result "1-0"]
[WhiteElo "2845"]
[BlackElo "2971"]
[TimeControl "180+1"]
[EndTime "10:53:46 PDT"]
[Termination "Beca95 won by resignation"]

1. d4 d5 2. c4 c6 3. Nf3 Nf6 4. e3 Bf5 5. Nc3 e6 6. Be2 Bd6 7. Nh4 Be4 8. Nxe4 dxe4 9. g3 O-O 10. Bd2 c5 11. Bc3 Nc6 12. a3 Qe7 13. Qc2 g5 14. Ng2 cxd4 15. exd4 e5 16. d5 Nd4 17. Qd1 a5 18. h4 g4 19. Bxg4 Nxg4 20. Qxg4+ Kh8 21.
Qxe4 f5 22. Qd3 Bc5 23. O-O-O b5 24. cxb5 Rab8 25. Rhe1 Qd6 26. f4 Qxd5 27. Rxe5 Qxg2 28. Rxc5 1-0

[Event "*** SCC Grand Prix: Titled Tuesday Blitz"]
[Site "Chess.com"]
[Date "2020.07.21"]
[Round "5"]
[White "Bulldog167"]
[Black "AleksanderHnydiuk"]
[Result "1-0"]
[WhiteElo "2748"]
[BlackElo "2583"]
[TimeControl "180+1"]
[EndTime "10:53:49 PDT"]
[Termination "Bulldog167 won on time"]

1. e4 c5 2. Nf3 e6 3. d3 Nc6 4. g3 g6 5. Bg5 Qb6 6. Qc1 Bg7 7. c3 Nge7 8. Nbd2 Qc7 9. Bg2 d6 10. O-O h6 11. Be3 O-O 12. d4 b6 13. Rd1 Bb7 14.
dxc5 dxc5 15. Nc4 Ba6 16. Bf1 Kh7 17. Bf4 e5 18. Bd2 f5 19. exf5 gxf5 20. Nh4 Rad8 21. Qc2 e4 22. Bf4 Qb7 23. Nd6 Rxd6 24. Rxd6 Bxf1 25.
Rxf1 Bf6 26. Rfd1 1-0

[Event "*** SCC Grand Prix: Titled Tuesday Blitz"]
[Site "Chess.com"]
[Date "2020.07.21"]
[Round "5"]
[White "diablanni"]
[Black "Eternauta2400"]
[Result "0-1"]
[WhiteElo "2329"]
[BlackElo "2550"]
[TimeControl "180+1"]
[EndTime "10:53:49 PDT"]
[Termination "Eternauta2400 won by resignation"]

1. e4 e5 2. Nf3 Nc6 3. d4 exd4 4. Nxd4 Nf6 5. Nxc6 bxc6 6. e5 Qe7 7. Qe2 Nd5 8. c4 Ba6 9. b3 O-O-O 10. g3 h5 11. Bg2 h4 12. O-O f5 13. Re1 g5 14. Ba3 Qh7 15. Qd2 hxg3 16. hxg3 Qh2+ 17. Kf1 Bh6 18. Qa5 Kb7 19. Nd2 g4 20. Rac1 Bxd2 21. Qxd2 f4 22. gxf4 Nxf4 23. Be4 Qh1+ 0-1

[Event "*** SCC Grand Prix: Titled Tuesday Blitz"]
[Site "Chess.com"]
[Date "2020.07.21"]
[Round "5"]
[White "MergenKakabaev"]
[Black "aliba25"]
[Result "1-0"]
[WhiteElo "2500"]
[BlackElo "2622"]
[TimeControl "180+1"]
[EndTime "10:53:50 PDT"]
[Termination "MergenKakabaev won by resignation"]

1. e4 g6 2. d4 Bg7 3. Nc3 d6 4. Bc4 a6 5. Bb3 b5 6. h4 Bb7 7. f3 Nd7 8. h5 c5 9. dxc5 Nxc5 10. h6 Bxc3+ 11. bxc3 Nf6 12. Ne2 O-O 13. Be3 Qc7 14. Qd4 Rac8 15. Rd1 Rfd8 16. Bg5 Ne6 17.
Bxe6 fxe6 18. Bxf6 e5 19. Bxe5 dxe5 20. Qe3 Rxd1+ 21.
Kxd1 Qc4 22. Ke1 Qxa2 23. Kf2 Rf8 24. Rd1 Qe6 25. c4 bxc4 26. Rb1 Ba8 27. Rb6 Qc8 28. Kg3 a5 29. Qg5 Qc7 30. Rxg6+ Kh8 31. Rg7 Qd6 32. Rxh7+ 1-0

[Event "*** SCC Grand Prix: Titled Tuesday Blitz"]
[Site "Chess.com"]
[Date "2020.07.21"]
[Round "5"]
[White "Harry_Rakkel"]
[Black "sergivila"]
[Result "0-1"]
[WhiteElo "2534"]
[BlackElo "2397"]
[TimeControl "180+1"]
[EndTime "10:53:50 PDT"]
[Termination "sergivila won by resignation"]

1. e4 c5 2. Nf3 d6 3. d4 cxd4 4.
Nxd4 Nf6 5. Nc3 a6 6. Be3 e5 7.
Nb3 Be6 8. f3 h5 9. Qd2 Nbd7 10.
O-O-O Be7 11. Kb1 Rc8 12. g3 b5 13. a3 Nb6 14. Nc1 O-O 15. h3 d5 16. Bxb6 Qxb6 17. exd5 Rfd8 18. dxe6 Rxd2 19. exf7+ Kxf7 20. Rxd2 Bxa3 21. Ne4 Nxe4 22. fxe4 Bb4 23. c3 Be7 24. Be2 b4 25. Rf1+ Kg8 26. c4 Qe3 27. Rd7 Bf6 28. Bxh5 Qxe4+ 29. Ka2 0-1

[Event "*** SCC Grand Prix: Titled Tuesday Blitz"]
[Site "Chess.com"]
[Date "2020.07.21"]
[Round "5"]
[White "Artyom_ChessMate"]
[Black "Efremov_Vlad"]
[Result "1-0"]
[WhiteElo "2579"]
[BlackElo "2192"]
[TimeControl "180+1"]
[EndTime "10:53:53 PDT"]
[Termination "Artyom_ChessMate won by checkmate"]

1. e4 c5 2. Nc3 Nc6 3. Bb5 Nd4 4. Nf3 Nxb5 5. Nxb5 a6 6. Nc3 e6 7. d4 cxd4 8. Qxd4 d6 9. Bg5 Nf6 10. O-O-O Be7 11. e5 dxe5 12. Qxe5 Qb6 13. Ne4 Nxe4 14. Bxe7 Kxe7 15. Qxe4 Bd7 16. Ne5 Bc6 17. Qh4+ f6 18.
Qg3 Rhg8 19. Nc4 Qc5 20. Qc7+ Kf8 21. Nd6 Qg5+ 22. Kb1 Qg6 23. h4 h5 24. Rhe1 Bd5 25.
Rxd5 exd5 26. Qe7# 1-0

[Event "*** SCC Grand Prix: Titled Tuesday Blitz"]
[Site "Chess.com"]
[Date "2020.07.21"]
[Round "5"]
[White "Panterov"]
[Black "Lion-Al-Messi"]
[Result "1-0"]
[WhiteElo "2181"]
[BlackElo "2430"]
[TimeControl "180+1"]
[EndTime "10:53:54 PDT"]
[Termination "Panterov won by checkmate"]

1. e4 e6 2. b3 d5 3. Bb2 Nf6 4. Nc3 d4 5. Nce2 c5 6. d3 Nc6 7.
f4 Ng4 8. Bc1 g6 9. Nf3 Bg7 10. h3 Ne3 11. Bxe3 dxe3 12. c3 O-O 13. g4 f5 14. gxf5 exf5 15. e5 Nxe5 16. fxe5 Bxe5 17.
Bg2 f4 18. O-O Bg7 19. d4 Qe7 20. Qd3 Bf5 21. Qc4+ Kh8 22. Qxc5 Qf7 23. Ne5 Qf6 24. Rxf4 Qg5 25. Nf3 Qh6 26. Rf1 Bd3 27. Rxf8+ Rxf8 28. Ne5 Rxf1+ 29. Bxf1 Qg5+ 30. Bg2 Bxe5 31. Qf8# 1-0

[Event "*** SCC Grand Prix: Titled Tuesday Blitz"]
[Site "Chess.com"]
[Date "2020.07.21"]
[Round "5"]
[White "petroniy_arbitr"]
[Black "jsl796"]
[Result "0-1"]
[WhiteElo "2270"]
[BlackElo "2885"]
[TimeControl "180+1"]
[EndTime "10:54:00 PDT"]
[Termination "jsl796 won by resignation"]

1. d4 Nf6 2. c4 g6 3. Nc3 Bg7 4. e4 O-O 5. Nf3 d6 6. Be2 e5 7.
O-O exd4 8. Nxd4 Re8 9. f3 c6 10. Re1 d5 11. cxd5 cxd5 12. exd5 Nxd5 13. Nxd5 Qxd5 14.
Nb3 Qxd1 15. Rxd1 Nc6 16. Bb5 Bf5 17. Bxc6 bxc6 18. Kf2 Rad8 19. Be3 Bxb2 20. Rxd8 Rxd8 21. Re1 Be6 22. Bxa7 Ra8 23. Bd4 Rxa2 24. Re2 Bxd4+ 25. Nxd4 Rxe2+ 26. Kxe2 Bd7 27. Kd3 Kf8 28. Kc4 Ke7 29.
Kc5 g5 30. g3 h5 31. Ne2 Ke6 32. f4 f6 33. Nd4+ Ke7 34. fxg5 fxg5 35. h4 Kf6 36. Nf3 gxh4 37. Nxh4 Kg5 38. Ng2 Kg4 39. Nf4 h4 40. Nd3 Kxg3 0-1

[Event "*** SCC Grand Prix: Titled Tuesday Blitz"]
[Site "Chess.com"]
[Date "2020.07.21"]
[Round "5"]
[White "TST2014"]
[Black "Kolle05"]
[Result "1-0"]
[WhiteElo "2517"]
[BlackElo "2362"]
[TimeControl "180+1"]
[EndTime "10:54:01 PDT"]
[Termination "TST2014 won on time"]

1. d4 Nf6 2. c4 e6 3. Nf3 Bb4+ 4. Bd2 c5 5. Bxb4 cxb4 6. a3 bxa3 7. Rxa3 O-O 8. Nc3 d6 9. e4 Qc7 10. Be2 Nc6 11. O-O e5 12. d5 Ne7 13. b4 b6 14.
Qb3 Bd7 15. Rfa1 Rfc8 16. Qa2 Ng6 17. Rxa7 Rxa7 18. Qxa7 Qxa7 19. Rxa7 b5 20. Nd2 Nf4 21. Bf1 bxc4 22. Nxc4 h6 23. f3 Kf8 24. b5 Ke7 25.
b6 1-0

[Event "*** SCC Grand Prix: Titled Tuesday Blitz"]
[Site "Chess.com"]
[Date "2020.07.21"]
[Round "5"]
[White "romulocardoso"]
[Black "WonderChampion"]
[Result "1-0"]
[WhiteElo "2136"]
[BlackElo "1977"]
[TimeControl "180+1"]
[EndTime "10:54:02 PDT"]
[Termination "romulocardoso won by checkmate"]

1. e4 c5 2. Nf3 g6 3. d4 cxd4 4. Nxd4 Nc6 5. Nc3 Bg7 6. Be3 Nf6 7.
f3 O-O 8. Qd2 d5 9. O-O-O dxe4 10. Kb1 exf3 11. Nxc6 Qxd2 12. Nxe7+ Kh8 13. Rxd2 Re8 14.
Ned5 Nxd5 15. Nxd5 Rd8 16. Nc7 Rxd2 17. Bxd2 Rb8 18. gxf3 Be5 19. Nb5 a6 20. Bc3 Bxc3 21.
Nxc3 Be6 22. Bd3 b5 23. Ne4 b4 24. Ng5 Bd5 25. Be4 Bc4 26. b3 Be6 27. Nxe6 fxe6 28. Rd1 Rb6 29. Rd8+ Kg7 30. Rd7+ Kf6 31.
Rxh7 Rd6 32. Rh6 Ke5 33. Rxg6 Rd1+ 34. Kb2 Rd2 35. h4 Rh2 36. Rg5+ Kf4 37. Ra5 Rxh4 38. Rxa6 e5 39. Rb6 Ke3 40. Rxb4 Rf4 41. a4 Rf6 42. a5 Ra6 43. Ra4 Kf4 44. b4 Ke3 45. b5 Ra8 46. Bxa8 Kf2 47. b6 Kg3 48. b7 Kf2 49. b8=Q Ke1 50. Qxe5+ Kd1 51. Rd4# 1-0

[Event "*** SCC Grand Prix: Titled Tuesday Blitz"]
[Site "Chess.com"]
[Date "2020.07.21"]
[Round "5"]
[White "killer311"]
[Black "RestartingChess"]
[Result "1-0"]
[WhiteElo "2392"]
[BlackElo "2513"]
[TimeControl "180+1"]
[EndTime "10:54:03 PDT"]
[Termination "killer311 won by resignation"]

1. d4 Nf6 2. c4 d5 3. cxd5 Nxd5 4.
Nf3 Nb6 5. Nc3 g6 6. e4 Bg7 7. Be3 O-O 8. Be2 Bg4 9. O-O c6 10. h3 Bxf3 11. Bxf3 Nc4 12. Qb3 Nxe3 13. fxe3 Qb6 14.
e5 e6 15. Ne4 Na6 16. Qxb6 axb6 17. a3 Rfd8 18. Rac1 Nc7 19. Nd6 Ra7 20. Rc2 Ne8 21.
Ne4 h6 22. Kf2 Nc7 23. Ke2 Nd5 24. Nd6 Bf8 25. Nxf7 Nxe3 26. Nxd8 Nxc2 27. Kd3 Nxa3 28. bxa3 Rxa3+ 29. Ke4 Ra4 30. Nxe6 c5 31. Bd1 Ra8 32. Rxf8+ Rxf8 33. Nxf8 Kxf8 34. d5 1-0

[Event "*** SCC Grand Prix: Titled Tuesday Blitz"]
[Site "Chess.com"]
[Date "2020.07.21"]
[Round "5"]
[White "DanielTitichoca"]
[Black "JiiHart"]
[Result "0-1"]
[WhiteElo "2305"]
[BlackElo "2088"]
[TimeControl "180+1"]
[EndTime "10:54:03 PDT"]
[Termination "JiiHart won by resignation"]

1. d4 Nf6 2. Nf3 e6 3. Bf4 c5 4. Nc3 cxd4 5. Nxd4 a6 6. e3 d5 7. Be2 Bd6 8. Bxd6 Qxd6 9. O-O O-O 10. Bf3 b5 11. e4 b4 12. Na4 dxe4 13. Be2 Bd7 14. c4 e5 15. c5 Qxd4 16. Nb6 Ra7 17. Qb3 Qxc5 18. Nxd7 Rxd7 19. Rac1 Qb6 20. h3 Rfd8 21. Bc4 Nc6 22. Qa4 Nd4 23. Kh1 a5 24. Rfd1 h6 25. Rd2 Nf5 26. Rdc2 Rd2 27. Qb3 Qxf2 28. Bxf7+ Kh7 29.
Rxd2 Rxd2 30. Rg1 0-1

[Event "*** SCC Grand Prix: Titled Tuesday Blitz"]
[Site "Chess.com"]
[Date "2020.07.21"]
[Round "5"]
[White "davidkalashian"]
[Black "ikhasu"]
[Result "1/2-1/2"]
[WhiteElo "2533"]
[BlackElo "2386"]
[TimeControl "180+1"]
[EndTime "10:54:04 PDT"]
[Termination "Game drawn by repetition"]

1. e4 e5 2. Nf3 Nf6 3. d4 Nxe4 4. Bd3 d5 5. dxe5 Nc5 6. O-O Nxd3 7. Qxd3 Be7 8. c4 dxc4 9. Qxc4 O-O 10. Nc3 Be6 11. Qe4 c6 12. Rd1 Qc7 13. Bg5 Na6 14. Qh4 Rfe8 15.
Ne4 h6 16. Nf6+ Bxf6 17. Bxf6 gxf6 18. exf6 Kh7 19. Qe4+ Kh8 20. Qh4 Kh7 21. Qe4+ Kh8 22. Qh4 Kh7 1/2-1/2

[Event "*** SCC Grand Prix: Titled Tuesday Blitz"]
[Site "Chess.com"]
[Date "2020.07.21"]
[Round "5"]
[White "ajian"]
[Black "Lagmantr"]
[Result "0-1"]
[WhiteElo "2419"]
[BlackElo "2628"]
[TimeControl "180+1"]
[EndTime "10:54:05 PDT"]
[Termination "Lagmantr won by checkmate"]

1. Nf3 Nf6 2. b3 d6 3. Bb2 e5 4. d3 b6 5. Nbd2 Bb7 6. g3 Nbd7 7. Bg2 Be7 8. O-O O-O 9. c4 a5 10. a3 h6 11. b4 Nh7 12. e4 Ng5 13. Nxg5 Bxg5 14. f4 exf4 15. gxf4 Bf6 16. e5 Bxg2 17. exf6 Bxf1 18. fxg7 Re8 19. Qh5 Bxd3 20. Qxh6 Bh7 21. Nf3 Re6 22. Qh3 Rg6+ 23. Kf2 Nf6 24. Ng5 Rxg5 25.
fxg5 Ne4+ 26. Kg1 Qxg5+ 27. Kf1 Qf4+ 28. Kg1 Qf2+ 29. Kh1 Ng3+ 30. hxg3 Be4+ 31. Qg2 Qxg2# 0-1

[Event "*** SCC Grand Prix: Titled Tuesday Blitz"]
[Site "Chess.com"]
[Date "2020.07.21"]
[Round "5"]
[White "margarita_2703"]
[Black "Andrei_Belozerov"]
[Result "1-0"]
[WhiteElo "2399"]
[BlackElo "2542"]
[TimeControl "180+1"]
[EndTime "10:54:05 PDT"]
[Termination "margarita_2703 won by resignation"]

1. Nf3 d5 2. d4 Nf6 3. c4 c6 4. Nc3 dxc4 5. e3 b5 6. a4 b4 7. Na2 e6 8. Bxc4 Bb7 9. O-O Nbd7 10. Bd2 a5 11. Nc1 c5 12. Nd3 Qb6 13. Nde5 Rd8 14.
Bb5 cxd4 15. exd4 Be7 16. Nxd7 Nxd7 17. Ne5 Bc8 18. Nc6 Bf6 19. Nxd8 Qxd8 20. Rc1 O-O 21. Bf4 Qe7 22. Qg4 Rd8 23. Qg3 Nf8 24. Rc7 Bd7 25. Bd6 Qe8 26. Be5 Ng6 27. Bxf6 gxf6 28. h4 h5 29. Be2 Kg7 30. Bxh5 Qe7 31. Rfc1 Rh8 32. Bxg6 fxg6 33. Rxd7 Qxd7 34. Rc7 1-0

[Event "*** SCC Grand Prix: Titled Tuesday Blitz"]
[Site "Chess.com"]
[Date "2020.07.21"]
[Round "5"]
[White "TioCridineno"]
[Black "Bastiandash"]
[Result "0-1"]
[WhiteElo "2173"]
[BlackElo "2357"]
[TimeControl "180+1"]
[EndTime "10:54:05 PDT"]
[Termination "Bastiandash won by resignation"]

1. e4 c5 2. Nf3 e6 3. d4 cxd4 4. Nxd4 a6 5. Nc3 b5 6. a3 Bb7 7. Bd3 Qb6 8. Nb3 Qc7 9. Qg4 Nf6 10. Qg3 Qxg3 11. hxg3 d6 12. Bf4 Nbd7 13. Na5 Nc5 14. Nxb7 Nxb7 15. e5 dxe5 16. Bxe5 Nc5 17. Be2 Be7 18. O-O O-O 19. Rfd1 Rfd8 20. Bf3 Rac8 21. Rxd8+ Bxd8 22. Rd1 h6 23. Bd4 Be7 24. Rd2 g5 25. g4 Ne8 26. Ne4 Nxe4 27. Bxe4 Nd6 28. Bd3 Nc4 29. Bxc4 Rxc4 30. f3 Rxd4 31. Rxd4 Bc5 32. c3 e5 33. b4 exd4 34. bxc5 dxc3 0-1

[Event "*** SCC Grand Prix: Titled Tuesday Blitz"]
[Site "Chess.com"]
[Date "2020.07.21"]
[Round "5"]
[White "Stormeman100100"]
[Black "WeAintSurePal"]
[Result "0-1"]
[WhiteElo "2449"]
[BlackElo "2304"]
[TimeControl "180+1"]
[EndTime "10:54:08 PDT"]
[Termination "WeAintSurePal won by resignation"]

1. e4 c6 2. d4 d5 3. Nd2 dxe4 4. Nxe4 Nf6 5. Nxf6+ exf6 6. c3 Bd6 7. Bd3 O-O 8.
Qc2 Re8+ 9. Ne2 h5 10. Be3 Nd7 11. h3 Nf8 12. O-O-O Be6 13. Kb1 b5 14. Nf4 Bxf4 15.
Bxf4 a5 16. g4 h4 17. Rhg1 a4 18. g5 Qd5 19. c4 bxc4 20. Be4 Qb5 21. gxf6 Ng6 22.
Be5 c3 23. Bxg6 fxg6 24. f7+ Bxf7 25. Ka1 cxb2+ 26. Qxb2 Qd5 27. Rc1 a3 28. Qe2 Rxe5 29. dxe5 Qd4+ 30. Kb1 Rb8+ 0-1

[Event "*** SCC Grand Prix: Titled Tuesday Blitz"]
[Site "Chess.com"]
[Date "2020.07.21"]
[Round "5"]
[White "Chopper1905"]
[Black "BlackBoarder"]
[Result "1-0"]
[WhiteElo "2891"]
[BlackElo "2574"]
[TimeControl "180+1"]
[EndTime "10:54:10 PDT"]
[Termination "Chopper1905 won by resignation"]

1. f4 Nf6 2. Nf3 g6 3. g3 Bg7 4.
Bg2 O-O 5. O-O d5 6. d3 c5 7. c3 Nc6 8. Na3 Re8 9. Qc2 Bf5 10. Nh4 Bg4 11. e4 e5 12. f5 dxe4 13. dxe4 Nh5 14. Nc4 Bf6 15. Ne3 Bxh4 16. Nxg4 Bg5 17. f6 Bxc1 18. Raxc1 Qd7 19. Bh3 Kh8 20. Rcd1 Qc7 21. Nh6 Rad8 22. Qb3 Rf8 23. Bg4 Rxd1 24. Bxd1 Nd8 25.
Bxh5 gxh5 26. Qd1 Ne6 27. Qxh5 Qd7 28. Rd1 Qc7 29. Qg4 Rg8 1-0

[Event "*** SCC Grand Prix: Titled Tuesday Blitz"]
[Site "Chess.com"]
[Date "2020.07.21"]
[Round "5"]
[White "profofchess"]
[Black "chesslh19"]
[Result "1-0"]
[WhiteElo "2354"]
[BlackElo "2162"]
[TimeControl "180+1"]
[EndTime "10:54:10 PDT"]
[Termination "profofchess won by resignation"]

1. e4 c5 2. Nf3 d6 3. c3 Nf6 4. Bc4 e6 5. Qe2 Nc6 6. Bb3 Be7 7. d4 d5 8. e5 Ne4 9. Nbd2 Nxd2 10. Bxd2 O-O 11.
O-O c4 12. Bc2 f5 13. exf6 Bxf6 14. Ne5 g6 15. Bh6 Re8 16. f4 Qe7 17. Qg4 Nxe5 18. fxe5 Bg7 19. Bxg7 Qxg7 20. Rf6 Bd7 21. Bxg6 Rf8 22.
Raf1 Rxf6 23. Rxf6 Rf8 24. Rxf8+ Kxf8 25. Qf4+ Ke7 26.
Qh4+ 1-0

[Event "*** SCC Grand Prix: Titled Tuesday Blitz"]
[Site "Chess.com"]
[Date "2020.07.21"]
[Round "5"]
[White "reutik"]
[Black "LimaRR"]
[Result "1-0"]
[WhiteElo "2322"]
[BlackElo "2104"]
[TimeControl "180+1"]
[EndTime "10:54:10 PDT"]
[Termination "reutik won by resignation"]

1. d4 Nf6 2. c4 g6 3. f3 d5 4. cxd5 Nxd5 5. e4 Nb6 6. Nc3 Bg7 7. Be3 O-O 8. Qd2 Nc6 9. O-O-O e5 10. d5 Nd4 11. f4 c5 12. fxe5 Bxe5 13. Nf3 Nxf3 14. gxf3 Qf6 15. f4 Bxc3 16. Qxc3 Qxc3+ 17. bxc3 Bg4 18. Re1 Rac8 19. Bg2 Nc4 20. e5 b5 21. d6 b4 22. Be4 Be6 23. Rhg1 bxc3 24. Kc2 Na3+ 25.
Kxc3 Bxa2 26. f5 c4 27. Kb4 c3 28. Kxa3 Bc4 1-0

[Event "*** SCC Grand Prix: Titled Tuesday Blitz"]
[Site "Chess.com"]
[Date "2020.07.21"]
[Round "5"]
[White "kleopl"]
[Black "Shivagami"]
[Result "1-0"]
[WhiteElo "2421"]
[BlackElo "2222"]
[TimeControl "180+1"]
[EndTime "10:54:11 PDT"]
[Termination "kleopl won by resignation"]

1. c4 e5 2. Nc3 Bb4 3. Nd5 Bc5 4. Nf3 d6 5. e3 c6 6. Nc3 Nf6 7. a3 a5 8. d4 exd4 9. exd4 Bb6 10. Be2 O-O 11.
O-O Bf5 12. Bg5 h6 13. Bh4 Nbd7 14. Qd2 Re8 15. Qf4 Bg6 16. d5 Bc7 17. Rfe1 Qc8 18. Nd4 Ne4 19. Nf5 Nxc3 20. bxc3 Nf6 21. Nxg7 Nxd5 22.
Qxh6 Nxc3 23. Nxe8 Qxe8 24. Bf6 1-0